[Event "45th FIDE Olympiad 2024"]
[Site "Budapest"]
[Date "2024.09.14"]
[Round "4.40"]
[White "Jones, Gawain C B"]
[Black "Pantsulaia, Levan"]
[Result "1/2-1/2"]
[ECO "A42"]
[WhiteElo "2646"]
[BlackElo "2516"]
[Annotator "TA"]
[PlyCount "103"]
[EventDate "2024.09.05"]
[EventType "team-tourn"]
[EventCountry "HUN"]
[SourceTitle "playchess.com"]
[Source "ChessBase"]
[SourceQuality "1"]
[WhiteTeam "England"]
[BlackTeam "Georgia"]
[WhiteTeamCountry "ENG"]
[BlackTeamCountry "GEO"]
[TimeControl "40/5400+30:1800+30"]

1. c4 c5 2. Nf3 g6 3. e4 Bg7 4. d4 d6 5. Nc3 Bg4 6. dxc5 {[%emt 0:00:32] A42: Modern Defence: Averbakh Variation.} Bxc3+ 7. bxc3 dxc5 8. Qxd8+ Kxd8 9. Ne5 Be6 10. Be3 Nf6 11. O-O-O+ $146 ({Predecessor:} 11. Bd3 Nbd7 12. Nxd7 Nxd7 13. f4 f6 14. O-O-O Rc8 15. Kb2 Rc6 16. Rd2 Kc8 17. Rhd1 {0-1 Hernandez Tellez,C (1908)-Maldonado Mena,G (2104) Malaga op 16th 2022 (3)}) 11... Ke8 12. Bxc5 Nxe4 13. Bd4 f6 14. Re1 Bf5 15. f3 fxe5 16. Bxe5 Rf8 17. fxe4 Be6 18. Bd4 Nd7 19. Be2 Rc8 20. e5 (20. Bxa7 b6 21. a4 Rc7 $19 (21... Bxc4 22. a5 $17) (21... Ra8 $2 22. Bxb6 Nxb6 23. c5 $19)) 20... Bxc4 21. Bf3 Nc5 22. Kb1 b6 23. Rd1 Bd3+ 24. Kb2 Be4 25. Bg4 Rc7 26. Rd2 Na4+ 27. Kb3 Nc5+ 28. Kb2 Na4+ 29. Kb3 Nc5+ ({Better is} 29... Rf4 $1 $15 30. Bh3 b5) 30. Ka3 Rf4 31. h3 Bf5 32. g3 $1 Ne4 $1 33. gxf4 (33. Rg2 Bxg4 34. gxf4 Bf3 $19) 33... Nxd2 34. Bxf5 gxf5 35. Kb4 Ne4 36. Rg1 Kf7 37. a4 h5 38. h4 Ke6 39. c4 Kf7 (39... Nd2 $15 40. Rc1 Rd7) 40. Rg2 Rd7 41. Bg1 Rd1 42. Kb5 Rb1+ 43. Kc6 Rb4 44. a5 $1 Rxc4+ 45. Kd5 $1 Ra4 (45... Rc1 $5 46. e6+ $8 Kf8 $11) 46. e6+ Kf8 $1 47. Bd4 (47. axb6 Nf6+ 48. Ke5 (48. Kc6 $2 axb6 49. Re2 Rxf4 $19) 48... Ra5+ 49. Kd4 axb6 $15) 47... Rxa5+ (47... bxa5 $2 {too greedy.} 48. Rg6 $18) 48. Kc6 Nf6 49. Bxf6 Rc5+ $1 50. Kd7 Rd5+ 51. Kc6 Rc5+ 52. Kd7 1/2-1/2

[Event "45th FIDE Olympiad 2024"]
[Site "Budapest"]
[Date "2024.09.14"]
[Round "4.40"]
[White "Mwale, George"]
[Black "Motlomelo, Lihloela"]
[Result "1-0"]
[ECO "A30"]
[WhiteElo "2056"]
[BlackElo "1696"]
[PlyCount "131"]
[EventDate "2024.09.05"]
[EventType "team-tourn"]
[EventCountry "HUN"]
[WhiteTeam "Malawi"]
[BlackTeam "Lesotho"]
[WhiteTeamCountry "MWI"]
[BlackTeamCountry "LES"]
[TimeControl "40/5400+30:1800+30"]

1. Nf3 Nf6 2. g3 b6 3. Bg2 Bb7 4. d4 e6 5. c4 c5 6. O-O cxd4 7. Qxd4 Nc6 8. Qd1 Be7 9. Nc3 O-O 10. Bf4 Nh5 11. Bd6 Bxd6 12. Qxd6 Qe7 13. Rfd1 Qxd6 14. Rxd6 Nf6 15. Rad1 Ne7 16. Ne5 Bxg2 17. Kxg2 Rfd8 18. Nxd7 Nxd7 19. Rxd7 Rxd7 20. Rxd7 Kf8 21. Nb5 Nc6 22. Rc7 a6 23. Nd6 Nd8 24. b4 g6 25. c5 bxc5 26. bxc5 a5 27. a4 Ra6 28. Rd7 Ra8 29. Kf3 Kg7 30. Ke4 Rb8 31. Kd3 Rb3+ 32. Kc2 Rb8 33. Kc3 h5 34. Ra7 Kf6 35. Rxa5 Ke5 36. Rb5 Ra8 37. Nc4+ Kf6 38. Ra5 Rc8 39. Nd6 Rb8 40. Ra7 Ke5 41. Nxf7+ Nxf7 42. Rxf7 Kd5 43. Rf6 g5 44. Rg6 Kxc5 45. Rxg5+ Kd6 46. Rxh5 Ra8 47. a5 e5 48. Rh6+ Kd5 49. a6 Rc8+ 50. Kd2 Ra8 51. h4 Ra7 52. h5 Ke4 53. f3+ Kf5 54. Rb6 Kg5 55. h6 Rh7 56. Ke3 Kf5 57. g4+ Kg5 58. Ke4 Ra7 59. Kxe5 Re7+ 60. Re6 Ra7 61. Kd5 Rd7+ 62. Kc6 Rh7 63. Kb6 Kf4 64. a7 Rh8 65. Re7 Rxh6+ 66. Kb7 1-0

[Event "45th FIDE Olympiad 2024"]
[Site "Budapest"]
[Date "2024.09.14"]
[Round "4.41"]
[White "Bjerre, Jonas Buhl"]
[Black "Maghsoodloo, Parham"]
[Result "1/2-1/2"]
[ECO "C84"]
[WhiteElo "2648"]
[BlackElo "2723"]
[Annotator "TA"]
[PlyCount "60"]
[EventDate "2024.09.05"]
[EventType "team-tourn"]
[EventCountry "HUN"]
[SourceTitle "playchess.com"]
[Source "ChessBase"]
[SourceQuality "1"]
[WhiteTeam "Denmark"]
[BlackTeam "Iran"]
[WhiteTeamCountry "DEN"]
[BlackTeamCountry "IRI"]
[TimeControl "40/5400+30:1800+30"]

1. e4 e5 2. Nf3 Nc6 3. Bb5 a6 4. Ba4 Nf6 5. O-O Be7 6. d3 b5 7. Bb3 O-O 8. a4 Bb7 9. axb5 axb5 10. Rxa8 Bxa8 11. Nc3 {[%emt 0:04:06] White is slightly better.} b4 12. Nd5 Na5 13. Nxe7+ (13. Nxe5 Nxb3 14. cxb3 Nxd5 15. exd5 Bxd5 $15) 13... Qxe7 14. Ba2 d5 $1 15. exd5 Bxd5 16. Bxd5 Nxd5 17. Qe2 Re8 18. Re1 f6 19. Qe4 Qf7 20. Bd2 Nc6 21. Ra1 Rb8 22. Ra6 Qd7 23. Qc4 {[%emt 0:03:13] White is more active.} Nce7 24. Be3 Kh8 25. h3 h6 26. Nd2 ({Better is} 26. b3 $14) 26... Nf5 $11 {[%emt 0:02:57] The position is equal.} 27. Bc5 Nf4 $1 {[%emt 0:02:12] [#] Hoping for ...Nh4.} 28. Be3 (28. Bxb4 Nh4 29. Ra3 Nxh3+ (29... Nhxg2 $2 30. d4 $19) 30. gxh3 Qxh3 $19) 28... Nd5 29. Bc5 Nf4 {[%emt 0:05:58] And now ...Nh4 would win.} 30. Be3 (30. Bxb4 $2 {perishes.} Nh4 31. d4 Nxh3+ (31... Qxd4 32. Qxd4 exd4 33. Ra4 $17) (31... exd4 $2 32. Ba5 $19) (31... Nfxg2 32. dxe5 Qxh3 33. Ra3 $11) 32. gxh3 Qxh3 $19) 30... Nd5 {[%emt 0:00:12] Weighted Error Value: White=0.08 (flawless) /Black=0.07 (flawless) .  Mistake:       	White=1     	---        Inaccurate:     	White=1     	Black=2      OK:         	White=11    	Black=6      Best:        	White=1     	Black=1      Strong:       	---       	Black=2} 1/2-1/2

[Event "45th FIDE Olympiad 2024"]
[Site "Budapest"]
[Date "2024.09.14"]
[Round "4.41"]
[White "Van Bemmelen, Ursus"]
[Black "Mathurin, Nathaniel"]
[Result "1/2-1/2"]
[ECO "D05"]
[WhiteElo "2146"]
[BlackElo "1982"]
[PlyCount "99"]
[EventDate "2024.09.05"]
[EventType "team-tourn"]
[EventCountry "HUN"]
[WhiteTeam "Netherlands Antilles"]
[BlackTeam "Saint Lucia"]
[WhiteTeamCountry "AHO"]
[TimeControl "40/5400+30:1800+30"]

1. d4 Nf6 2. Nf3 d5 3. e3 e6 4. Bd3 c5 5. b3 cxd4 6. exd4 Bd6 7. O-O O-O 8. Bb2 Nc6 9. Nbd2 Nb4 10. Be2 Qc7 11. a3 Nc6 12. Bd3 Re8 13. Re1 e5 14. dxe5 Nxe5 15. Nxe5 Bxe5 16. Bxe5 Rxe5 17. Nf3 Rh5 18. h3 Be6 19. Qd2 Bf5 20. Be2 Bg6 21. Nd4 Re5 22. Bf3 Rae8 23. a4 Be4 24. Be2 Rc8 25. Rac1 h6 26. c4 dxc4 27. Nb5 Qb8 28. Bxc4 Rd8 29. Qf4 a6 30. Nc3 Rde8 31. Nxe4 Rxe4 32. Rxe4 Nxe4 33. Qxf7+ Kh8 34. Bd3 Rf8 35. Qg6 Qf4 36. Rf1 Ng5 37. Kh1 Rf6 38. Qe8+ Rf8 39. Qh5 Rd8 40. Qg6 Qd2 41. Bf5 Qe2 42. Kg1 Rf8 43. Bd3 Qe5 44. Rc1 Qb2 45. Rc2 Qa1+ 46. Kh2 Qe5+ 47. Kg1 Qe1+ 48. Kh2 Qe5+ 49. Kg1 Qe1+ 50. Kh2 1/2-1/2

[Event "45th FIDE Olympiad 2024"]
[Site "Budapest"]
[Date "2024.09.14"]
[Round "4.42"]
[White "Tabatabaei, M. Amin"]
[Black "Andersen, Mads"]
[Result "1/2-1/2"]
[ECO "D30"]
[WhiteElo "2714"]
[BlackElo "2598"]
[Annotator "TA"]
[PlyCount "136"]
[EventDate "2024.09.05"]
[EventType "team-tourn"]
[EventCountry "HUN"]
[SourceTitle "playchess.com"]
[Source "ChessBase"]
[SourceQuality "1"]
[WhiteTeam "Iran"]
[BlackTeam "Denmark"]
[WhiteTeamCountry "IRI"]
[BlackTeamCountry "DEN"]
[TimeControl "40/5400+30:1800+30"]

1. d4 Nf6 2. Nf3 e6 3. e3 c5 4. c4 d5 5. cxd5 exd5 6. Bb5+ Bd7 7. Bxd7+ Nbxd7 8. dxc5 Nxc5 9. O-O Be7 10. Nc3 O-O 11. b3 Qd7 12. Bb2 Rfd8 13. Rc1 Rac8 {[%emt 0:05:28] White is slightly better.} 14. Qe2 Nfe4 15. Rfd1 Nxc3 16. Bxc3 Ne4 17. Bd4 Bf6 18. Qb2 (18. Bxa7 Nc3 19. Rxc3 Rxc3 $17 (19... Bxc3 20. Bb6 $17)) 18... Rxc1 19. Rxc1 Rc8 20. Bxf6 Nxf6 21. Nd4 a6 22. h3 h5 23. Rd1 g6 24. Ne2 Qf5 25. Nd4 {[%emt 0:01:20] Prevents Rc2.} Qd7 26. a4 Qc7 27. b4 Qc3 28. Rb1 Qxb2 29. Rxb2 $11 {[%emt 0:00:01][%mdl 4096] Endgame. KRN-KRN} Rc1+ 30. Kh2 Ne4 31. h4 b6 32. a5 bxa5 33. bxa5 Rc5 34. f3 Nd6 35. Rb6 Nc4 36. Nb3 Nxb6 (36... Rc8 $1 $11 37. Rxa6 Nxe3) 37. Nxc5 {[%emt 0:00:08] KN-KN} Nc4 38. Nxa6 Nxa5 39. Nb4 Nc4 40. Nxd5 Ne5 41. Kg3 Nd3 42. Nf4 Ne5 43. e4 Kg7 44. Kf2 Kf6 45. Ke3 Nc6 46. Nd3 Ke6 47. Kf4 {[%emt 0:00:00] And now Kg5 would win.} Kf6 48. e5+ Kg7 {[%emt 0:00:00] [#]} 49. Nc5 (49. Ke4 $1 $18) 49... Ne7 50. Kg5 Nc6 51. Kf4 Ne7 $1 52. g4 {[%emt 0:00:58] Wards off Nf5} Nd5+ 53. Ke4 Nc3+ 54. Kd4 hxg4 55. fxg4 (55. Kxc3 $2 {loses.} g3 56. e6 (56. h5 $2 gxh5 57. e6 f6 $19) 56... f6 $19 (56... g2 57. e7 $15)) 55... Ne2+ 56. Ke3 Nc3 57. Nd7 Nd5+ 58. Kf3 Nc7 59. Nf6 Ne6 60. Ke4 Kf8 61. Nd5 Nc5+ 62. Ke3 Kg7 63. Nc7 Kf8 64. Nd5 Kg7 $1 65. Kd4 Ne6+ 66. Kc4 Kf8 67. Kd3 Nc5+ 68. Ke3 Kg7 $1 {[%emt 0:01:54] Weighted Error Value: White=0.09 (flawless) /Black=0.08 (flawless) .  Mistake:       	White=1     	Black=1      Inaccurate:     	White=2     	Black=2      OK:         	White=18    	Black=33     Best:        	White=3     	Black=1      Strong:       	---       	Black=3} 1/2-1/2

[Event "45th FIDE Olympiad 2024"]
[Site "Budapest"]
[Date "2024.09.14"]
[Round "4.42"]
[White "Gabriel, Sixtus"]
[Black "Capella, Rurik"]
[Result "0-1"]
[ECO "B45"]
[WhiteElo "1800"]
[BlackElo "1971"]
[PlyCount "54"]
[EventDate "2024.09.05"]
[EventType "team-tourn"]
[EventCountry "HUN"]
[WhiteTeam "Saint Lucia"]
[BlackTeam "Netherlands Antilles"]
[BlackTeamCountry "AHO"]
[TimeControl "40/5400+30:1800+30"]

1. e4 c5 2. Nf3 e6 3. Nc3 Nc6 4. d4 cxd4 5. Nxd4 Bc5 6. Nb3 Bb6 7. Bf4 a6 8. Be2 Nge7 9. Qd2 O-O 10. f3 d5 11. exd5 Nxd5 12. Nxd5 exd5 13. O-O-O Be6 14. Be3 Rc8 15. Kb1 Re8 16. Bxb6 Qxb6 17. c3 a5 18. Rhe1 a4 19. Nd4 a3 20. b3 Nxd4 21. cxd4 Bf5+ 22. Ka1 Rc2 23. Bf1 Rec8 24. Qf4 Qc6 25. Qe3 b5 26. g4 b4 27. gxf5 Rxa2+ {0-} 0-1

[Event "45th FIDE Olympiad 2024"]
[Site "Budapest"]
[Date "2024.09.14"]
[Round "4.43"]
[White "Thybo, Jesper Sondergaard"]
[Black "Daneshvar, Bardiya"]
[Result "0-1"]
[ECO "E91"]
[WhiteElo "2555"]
[BlackElo "2598"]
[Annotator "TA"]
[PlyCount "108"]
[EventDate "2024.09.05"]
[EventType "team-tourn"]
[EventCountry "HUN"]
[SourceTitle "playchess.com"]
[Source "ChessBase"]
[SourceQuality "1"]
[WhiteTeam "Denmark"]
[BlackTeam "Iran"]
[WhiteTeamCountry "DEN"]
[BlackTeamCountry "IRI"]
[TimeControl "40/5400+30:1800+30"]

1. d4 Nf6 2. c4 g6 3. Nc3 Bg7 4. e4 d6 5. Be2 O-O 6. Nf3 e5 7. O-O h6 8. dxe5 dxe5 9. Qxd8 Rxd8 10. Nxe5 Nxe4 11. Nxe4 Bxe5 12. Bxh6 {[%emt 0:00:20] E91: King's Indian: Classical: 6 Be2, unusual replies including 6...c5 and 6...Bg4.} Bxb2 13. Rab1 Bg7 14. Bxg7 Kxg7 15. Bf3 Nd7 16. Rfd1 Re8 17. Nc3 c6 18. Ne4 $146 ({Predecessor:} 18. Rb2 Nc5 19. Rbd2 g5 20. g3 Bf5 21. Rd4 Re5 22. h4 Rh8 23. hxg5 Ne6 24. R4d2 Nxg5 25. Be2 b6 26. Rb2 Ree8 {½-½ Broccardo,N (1514)-Dats,D (1600) FICGS rapid B 000067 email 2007 (1)}) 18... Ne5 19. Nd6 Nxf3+ 20. gxf3 Re7 21. c5 (21. a4 $15 {feels stronger.}) 21... Be6 $17 22. a4 Bd5 (22... b6 $5 23. Kg2 Bd5 $17 (23... bxc5 24. Rdc1 $17)) 23. a5 Bxf3 24. Re1 Rd7 25. Rxb7 Rxb7 26. Nxb7 a6 27. Kf1 (27. Nd6 $15) 27... Rh8 $17 28. Re3 Bd5 29. h3 Rb8 30. Re7 (30. Nd6 $17) 30... Kf6 $19 31. Rc7 Ke5 32. Ke2 Kd4 33. Re7 Rh8 34. Re3 Be6 35. Rd3+ {[%emt 0:00:39] [#]} Kc4 $1 36. Rf3 f5 ({Stronger than} 36... Bxh3 37. Rf4+ Kd5 38. Rxf7 $11) ({Better is} 36... Rxh3 $19 {Threatens to win with ...Bg4.} 37. Rxh3 Bxh3) 37. Kd2 Rb8 38. Rc3+ Kb4 39. Nd6 Kxa5 40. Rg3 Rb2+ 41. Ke1 Kb4 42. Rxg6 Bb3 43. Nxf5 Kxc5 44. Ne7 Ba4 45. h4 $2 (45. Rg5+ $17 {was called for.} Kb6 46. f4) 45... Bb5 $19 46. Kd1 $2 (46. Nc8 a5 47. Rg3) 46... a5 $2 (46... Rxf2 47. Rg3 $17) (46... Kd4 {...Kc3 would now be deadly.} 47. Kc1 Rxf2 48. Nxc6+ Kc3 49. Rg3+ Bd3 50. Rxd3+ Kxd3) 47. Kc1 Rxf2 48. h5 $2 (48. Rg3 a4 49. Kb1) 48... a4 $19 49. h6 a3 (49... Kb4 $142 50. Rg1 a3) 50. h7 $19 Rh2 51. Rg5+ Kb4 52. Rg4+ Kc3 53. Kb1 Bd3+ 54. Ka1 Kb3 ({Weaker is} 54... Bxh7 55. Rg3+ Kb4 56. Nxc6+ Ka4 57. Rg4+ Kb5 58. Nd8 $15) 0-1

[Event "45th FIDE Olympiad 2024"]
[Site "Budapest"]
[Date "2024.09.14"]
[Round "4.43"]
[White "Van Opstal, Rurik"]
[Black "Elizee, Kaieem"]
[Result "1-0"]
[ECO "B48"]
[WhiteElo "2006"]
[BlackElo "1701"]
[PlyCount "35"]
[EventDate "2024.09.05"]
[EventType "team-tourn"]
[EventCountry "HUN"]
[WhiteTeam "Netherlands Antilles"]
[BlackTeam "Saint Lucia"]
[WhiteTeamCountry "AHO"]
[TimeControl "40/5400+30:1800+30"]

1. e4 c5 2. Nf3 e6 3. d4 cxd4 4. Nxd4 Nc6 5. Nc3 Qc7 6. Be3 a6 7. Qf3 Nf6 8. O-O-O Be7 9. Be2 b5 10. e5 Ng8 11. Nxc6 dxc6 12. Qg3 g6 13. Ne4 Bb7 14. Bg5 f6 15. exf6 Qxg3 16. hxg3 c5 17. fxe7 Bxe4 18. Rd8+ 1-0

[Event "45th FIDE Olympiad 2024"]
[Site "Budapest"]
[Date "2024.09.14"]
[Round "4.44"]
[White "Idani, Pouya"]
[Black "Olsen, Filip Boe"]
[Result "1-0"]
[ECO "B12"]
[WhiteElo "2599"]
[BlackElo "2441"]
[Annotator "TA"]
[PlyCount "77"]
[EventDate "2024.09.05"]
[EventType "team-tourn"]
[EventCountry "HUN"]
[SourceTitle "playchess.com"]
[Source "ChessBase"]
[SourceQuality "1"]
[WhiteTeam "Iran"]
[BlackTeam "Denmark"]
[WhiteTeamCountry "IRI"]
[BlackTeamCountry "DEN"]
[TimeControl "40/5400+30:1800+30"]

1. e4 c6 2. d4 d5 3. e5 c5 4. Nf3 Bg4 5. dxc5 Nc6 6. c3 e6 7. Be3 a6 8. Nbd2 {[%emt 0:01:11] White is slightly better.} Nxe5 $1 9. b4 Be7 10. Be2 Nc6 11. a4 Bf6 12. Rc1 Nge7 13. b5 axb5 14. axb5 Bxf3 15. Nxf3 Ne5 16. O-O O-O 17. Nxe5 Bxe5 18. Bd3 g6 19. Qb3 {[%emt 0:06:15] Against Ra3} Qc7 20. g3 Nf5 21. Bxf5 gxf5 22. Bd4 Bg7 23. Rfd1 Rfc8 {[%emt 0:03:02] [#]} (23... Rfd8 $11 {remains equal.}) 24. c6 bxc6 $11 25. b6 Qb7 {[%emt 0:03:07] And now ...c5 would win.} 26. Bxg7 Kxg7 27. c4 Rcb8 28. c5 Qe7 29. Rd4 Qf6 30. Ra4 e5 31. Rca1 Rxa4 32. Rxa4 {[%emt 0:00:12][%mdl 4096] Endgame. KQR-KQR} e4 33. Qe3 {[%emt 0:03:32][%mdl 1024] Qf4 would now be deadly. White has compensation.} (33. b7 Qe7 (33... f4 $2 34. Ra8 $18) 34. Ra7 d4 $17 (34... Qxc5 $2 35. Ra8 $18)) 33... Rd8 $1 34. Qf4 {[%emt 0:05:19] Hoping for b7.} d4 $1 35. b7 {[%emt 0:00:56] Threatens to win with Ra8.} d3 $1 {[%emt 0:00:08] White must now prevent ...d2.} 36. Ra2 $36 {[%emt 0:01:12][%mdl 2048] White has the initiative.} (36. b8=R d2 37. Rb1 (37. Rxd8 Qxd8 38. Ra1 d1=Q+ 39. Rxd1 Qxd1+ 40. Kg2 Qd5 $15) 37... d1=R+ (37... d1=B $2 38. Ra2 $18) (37... d1=Q+ 38. Rxd1 Rxd1+ 39. Kg2 $15) 38. Rxd1 Rxd1+ 39. Kg2 Rd5 $15) 36... Qd4 $2 (36... e3 $11 37. Qxe3 (37. b8=B $2 d2 $19) 37... Rb8) 37. Qg5+ {[%emt 0:00:25] White mates.} ({Stronger than} 37. b8=R Rxb8 38. Qxb8 d2 $15 (38... Qxc5 $2 {is the wrong capture.} 39. Qb2+ Kg6 40. Ra8 $18) (38... Qxc5 $2 39. Qb2+ Kg6 40. Ra8 $18)) 37... Kf8 {[%emt 0:00:20] [#]} 38. Qxd8+ $3 Qxd8 39. Ra8 {[%emt 0:00:03] Weighted Error Value: White=0.07 (flawless) /Black=0.25 (precise) .  Loses game:     	---       	Black=1      Mistake:       	White=1     	Black=1      Inaccurate:     	White=2     	Black=1      OK:         	White=14    	Black=12     Best:        	White=1     	---        Strong:       	---       	Black=4} 1-0

[Event "45th FIDE Olympiad 2024"]
[Site "Budapest"]
[Date "2024.09.14"]
[Round "4.44"]
[White "Daniel, Cyrus"]
[Black "Van Delden, Johan"]
[Result "1-0"]
[ECO "C54"]
[WhiteElo "1759"]
[BlackElo "1909"]
[PlyCount "68"]
[EventDate "2024.09.05"]
[EventType "team-tourn"]
[EventCountry "HUN"]
[WhiteTeam "Saint Lucia"]
[BlackTeam "Netherlands Antilles"]
[BlackTeamCountry "AHO"]
[TimeControl "40/5400+30:1800+30"]

1. e4 e5 2. Nf3 Nc6 3. Bc4 Nf6 4. d3 Bc5 5. O-O d6 6. c3 O-O 7. Bg5 h6 8. Bh4 Bb6 9. Nbd2 a6 10. Bb3 g5 11. Bg3 Ba7 12. Re1 Be6 13. Nf1 Bxb3 14. Qxb3 Qd7 15. Ne3 Ne7 16. Rad1 Qb5 17. Qc2 Nh5 18. d4 Nxg3 19. hxg3 f6 20. a4 Qb6 21. g4 Kg7 22. Nh2 exd4 23. cxd4 Qc6 24. Qb3 Qd7 25. Nhf1 Nc6 26. Nf5+ Kh7 27. Qh3 Kg8 28. Nxh6+ Kg7 29. Nf5+ Kg8 30. Qb3+ Kh8 31. Re3 Rf7 32. Rh3+ Rh7 33. Rxh7+ Kxh7 34. Rd3 Kg6 1-0

[Event "45th FIDE Olympiad 2024"]
[Site "Budapest"]
[Date "2024.09.14"]
[Round "4.45"]
[White "Neiksans, Arturs"]
[Black "Gurel, Ediz"]
[Result "0-1"]
[ECO "E14"]
[WhiteElo "2571"]
[BlackElo "2602"]
[Annotator "TA"]
[PlyCount "58"]
[EventDate "2024.09.05"]
[EventType "team-tourn"]
[EventCountry "HUN"]
[SourceTitle "playchess.com"]
[Source "ChessBase"]
[SourceQuality "1"]
[WhiteTeam "Latvia"]
[BlackTeam "Turkiye"]
[WhiteTeamCountry "LAT"]
[TimeControl "40/5400+30:1800+30"]

1. d4 Nf6 2. c4 e6 3. Nf3 d5 4. e3 Be7 5. b3 O-O 6. Bb2 b6 7. Nbd2 Bb7 8. Bd3 Nbd7 9. O-O c5 10. Rc1 Rc8 11. Qe2 Rc7 12. a3 Qa8 {[%emt 0:06:17] The position is equal.} 13. cxd5 Nxd5 14. Ne5 N5f6 15. f3 Rfc8 16. Nxd7 Nxd7 17. dxc5 Nxc5 18. Bc4 Bd5 19. Rfd1 h6 20. b4 {[%emt 0:10:06] [#] Threatens to win with Bxd5.} Bxc4 21. Rxc4 Na4 22. Bd4 Rxc4 23. Nxc4 Qd5 24. Ne5 Qb3 {[%emt 0:01:27][%cal Oa4c3] Black is more active.} 25. Qd3 {[%emt 0:06:38] [#]} Nc3 $1 26. Rd2 {[%emt 0:00:04] Now White is beyond hope.} ({Don't go for} 26. Rc1 $2 Ne2+ (26... Qxa3 $2 {is the wrong capture.} 27. Rxc3 Rxc3 28. Qxc3 $18) 27. Kf2 Nxc1 $19) (26. Ra1 $17) 26... Qxa3 $19 27. Rc2 {[%emt 0:00:11][%cal Rc2c3] Prevents Qc1+} Bxb4 {[%emt 0:00:54] aiming for ...Qb3.} 28. Nc4 $2 (28. h3) 28... Qa1+ 29. Kf2 Qa6 {[%emt 0:00:57] Weighted Error Value: White=0.50/Black=0.01 (flawless) .  Mistake:       	White=2     	---        Inaccurate:     	White=3     	---        OK:         	White=9     	Black=7      Best:        	---       	Black=2      Strong:       	---       	Black=1} 0-1

[Event "45th FIDE Olympiad 2024"]
[Site "Budapest"]
[Date "2024.09.14"]
[Round "4.45"]
[White "Aziz, Husain"]
[Black "Chinchilla, Alejandro Jose"]
[Result "1-0"]
[ECO "D02"]
[WhiteElo "2340"]
[BlackElo "2113"]
[PlyCount "191"]
[EventDate "2024.09.05"]
[EventType "team-tourn"]
[EventCountry "HUN"]
[WhiteTeam "Qatar"]
[BlackTeam "Honduras"]
[WhiteTeamCountry "QAT"]
[BlackTeamCountry "HON"]
[TimeControl "40/5400+30:1800+30"]

1. d4 d5 2. Nf3 Nf6 3. c3 c5 4. dxc5 e6 5. b4 a5 6. e3 Be7 7. Bb2 b6 8. Bb5+ Bd7 9. Bxd7+ Nfxd7 10. O-O bxc5 11. b5 a4 12. c4 Bf6 13. Bxf6 Qxf6 14. Nbd2 Nb6 15. Rc1 N8d7 16. cxd5 exd5 17. e4 d4 18. e5 Qf5 19. Re1 O-O 20. Ne4 Qe6 21. Nxc5 Nxc5 22. Rxc5 Qxa2 23. Qxd4 Rad8 24. Qe4 h6 25. h3 Rd5 26. Rc6 Rxb5 27. e6 fxe6 28. Rc7 e5 29. Rb7 Rf7 30. Rd1 Rd5 31. Rb8+ Rf8 32. Rxd5 Qxd5 33. Rxf8+ Kxf8 34. Qb4+ Kg8 35. Qxb6 a3 36. Qa7 a2 37. Ne1 Qd2 38. Qb8+ Kh7 39. Qxe5 Qd1 40. Qe4+ Kh8 41. Qe8+ Kh7 42. Qe4+ Kh8 43. Qa8+ Kh7 44. Qxa2 Qxe1+ 45. Kh2 Qe5+ 46. g3 Qe4 47. Qf7 Kh8 48. g4 Qe5+ 49. Kg2 Qe4+ 50. Qf3 Qe8 51. h4 Qd8 52. Kh3 Qc8 53. Qd5 Qc3+ 54. Kg2 Qb4 55. Qd8+ Kh7 56. Qd3+ Kh8 57. Qf5 Qb7+ 58. Kg3 Qb3+ 59. Qf3 Qb8+ 60. Qf4 Qb3+ 61. Kh2 Qb6 62. g5 hxg5 63. hxg5 Kg8 64. Kg3 g6 65. Qc4+ Kg7 66. Qc3+ Kg8 67. Qc8+ Kf7 68. Qd7+ Kf8 69. Qd5 Kg7 70. Kf3 Kf8 71. Qe5 Qc6+ 72. Kg3 Qb6 73. Qe3 Qa6 74. Qc5+ Kg7 75. Qd4+ Kg8 76. Kf4 Qc6 77. Ke5 Qe8+ 78. Kf4 Qc6 79. Kg3 Qc7+ 80. f4 Qc2 81. Qe3 Qb1 82. Kf3 Kg7 83. Qc3+ Kg8 84. Qc4+ Kg7 85. Ke3 Qe1+ 86. Kd4 Qa1+ 87. Qc3 Qb1 88. Ke5 Qb6 89. Kd5+ Kf7 90. Qc4 Kg8 91. Qc8+ Kg7 92. Qd7+ Kh8 93. Qe8+ Kg7 94. Qe7+ Kh8 95. Qf6+ Qxf6 96. gxf6 1-0

[Event "45th FIDE Olympiad 2024"]
[Site "Budapest"]
[Date "2024.09.14"]
[Round "4.46"]
[White "Erdogmus, Yagiz Kaan"]
[Black "Meshkovs, Nikita"]
[Result "1-0"]
[ECO "D35"]
[WhiteElo "2592"]
[BlackElo "2534"]
[Annotator "TA"]
[PlyCount "83"]
[EventDate "2024.09.05"]
[EventType "team-tourn"]
[EventCountry "HUN"]
[SourceTitle "playchess.com"]
[Source "ChessBase"]
[SourceQuality "1"]
[WhiteTeam "Turkiye"]
[BlackTeam "Latvia"]
[BlackTeamCountry "LAT"]
[TimeControl "40/5400+30:1800+30"]

1. c4 e6 2. Nc3 d5 3. d4 Nf6 4. cxd5 exd5 5. Bg5 c6 6. e3 Be6 7. Bd3 Nbd7 8. Nge2 h6 {[%emt 0:00:13] The position is equal.} 9. Bf4 g5 10. Bg3 Nh5 11. O-O Nxg3 12. Nxg3 h5 13. e4 {[%emt 0:11:18] And now exd5 would win.} Qf6 (13... Nf6 $11 {keeps the balance.}) 14. exd5 $16 (14. Nxh5 $6 Qh6 15. exd5 cxd5 $11) 14... cxd5 15. Rc1 {[%emt 0:14:15] Nb5 would now be deadly.} (15. Nxh5 $6 Qh6 16. f4 (16. Nb5 Kd8 $17) 16... gxf4 $11 (16... Qxh5 17. Qxh5 Rxh5 18. f5 $11)) 15... Bd6 {[%emt 0:08:31] [#]} 16. Qc2 ({Not} 16. Nxh5 Bxh2+ 17. Kxh2 g4 $15) ({Of course not} 16. Nb5 $6 Bf4 $11) (16. Nge2 $1 $16) 16... Bf4 17. Rce1 {[%emt 0:00:32] Black must now prevent Nf5.} Kf8 18. Nf5 {[%emt 0:00:29] g3 is the strong threat.} Rd8 19. g3 Bb8 20. Nd1 $1 Bxf5 21. Bxf5 Nb6 $1 22. Qd3 Nc4 23. Ne3 (23. Bh3 {is more complex.} Qg6 24. Qe2 Qe4 25. Bg2) 23... Kg7 24. Bh3 Qg6 25. Nf5+ {[%emt 0:01:44] White now steadily converts the win.} Kh7 ({Better is} 25... Kf8) 26. Qd1 g4 (26... Nxb2 $16 {was called for.} 27. Qb1 g4) 27. Ne7 $18 Qg5 28. f4 Qf6 29. Bg2 Nb6 30. Qd3+ Kg7 31. Nf5+ Kg8 32. Re2 Bd6 33. Rfe1 Qg6 $2 {[%emt 0:00:33] [#]} (33... Kf8 $16 34. a3 Qg6) 34. Re7 $2 (34. Re6 $1 ) 34... h4 $2 {[%emt 0:01:22] [#]} (34... Kf8) 35. R7e6 $3 {[%emt 0:01:29][%mdl 512] White is clearly winning.} Qxe6 (35... Qh5 36. Rxd6) 36. Rxe6 fxe6 37. Nxd6 {Threatening mate with Qg6+.} Rxd6 38. Qg6+ Kf8 39. Qf6+ Kg8 40. f5 hxg3 41. Qg6+ Kf8 42. fxe6 {[%emt 0:00:00] Weighted Error Value: White=0.33/Black=0.19 (very precise) .  Loses game:     	---       	Black=1      Mistake:       	White=2     	Black=4      Inaccurate:     	White=1     	Black=2      OK:         	White=13    	Black=13     Best:        	White=2     	Black=2      Strong:       	White=1     	Black=1} 1-0